 Dungeon Crawl Stone Soup version 0.32-a0-841-g4648e6c457 (webtiles) character file.

Game seed: 3794636472188371518

732 freelancePsychic the Digger (level 7, -6/40 HPs)
             Began as a Deep Elf Earth Elementalist on Mar 26, 2024.
             Was an Initiate of Vehumet.
             Killed from afar by a white imp (12 damage)
             ... with a puff of frost
             ... summoned by Eustachio
             ... on level 5 of the Dungeon.
             The game lasted 00:05:48 (3650 turns).

freelancePsychic the Digger (DEEE)                  Turns: 3650, Time: 00:05:49

Health: -6/40      AC:  2    Str:  5    XL:     7   Next: 45%
Magic:  13/13      EV: 11    Int: 22    God:    Vehumet [......]
Gold:   190        SH:  0    Dex: 15    Spells: 8/12 levels left

rFire   . . .        m - +0 short sword
rCold   . . .        (no shield)
rNeg    . . .        a - +0 robe
rPois   .            (no helmet)
rElec   .            (no cloak)
rCorr   .            (no gloves)
SInv    .            (no boots)
Will    .....        g - amulet of regeneration
Stlth   +++          (no ring)
HPRegen 1.06/turn    (no ring)
MPRegen 0.13/turn

%: no passive effects
@: no status effects
A: no striking features
a: Renounce Religion


You were on level 5 of the Dungeon.
You worshipped Vehumet.
Vehumet was noncommittal.
You visited 2 branches of the dungeon, and saw 6 of its levels.

You collected 190 gold pieces.

Inventory:

Hand Weapons
 m - a +0 short sword (weapon)
Armour
 a - a +0 robe (worn)
Jewellery
 g - an amulet of regeneration (around neck)
 u - an amulet of reflection
Scrolls
 e - 2 scrolls of identify {unknown}
 i - 2 scrolls of enchant weapon {unknown}
 j - a scroll of noise {unknown}
 l - a scroll of fog {unknown}
 r - 4 scrolls of teleportation {unknown}
 s - a scroll of revelation {unknown}
Potions
 c - a potion of attraction {unknown}
 d - 2 potions of lignification {unknown}
 f - 4 potions of curing {unknown}
 h - a potion of berserk rage {unknown}
 k - a potion of brilliance {unknown}
 n - a potion of resistance {unknown}
 o - a potion of haste {unknown}
 p - a potion of enlightenment {unknown}
 q - a potion of heal wounds {unknown}
 t - a potion of ambrosia {unknown}


   Skills:
 + Level 2.8 Fighting
 - Level 2.4 Dodging
 + Level 5.3 Stealth
 + Level 3.2 Spellcasting
 - Level 4.0 Conjurations
 - Level 6.5 Earth Magic


You had 8 spell levels left.
You knew the following spells:

 Your Spells              Type           Power      Damage    Failure   Level
a - Sandblast             Erth           64%        2d14      1%          1
b - Stone Arrow           Conj/Erth      52%        3d10      4%          3

Your spell library contained the following spells:

 Spells                   Type           Power      Damage    Failure   Level
 Passwall                 Erth           32%        N/A       2%          3
 Apportation              Tloc           6%         N/A       12%         1
 Necrotise                Necr           12%        1d4       12%         1
 Slow                     Hex            12%        N/A       12%         1
 Brom's Barrelling Bould  Conj/Erth      26%        2d5       14%         4
 Jinxbite                 Hex            6%         N/A       19%         2
 Petrify                  Alch/Erth      17%        N/A       30%         4
 Confusing Touch          Hex            3%         N/A       36%         3
 Vampiric Draining        Necr           3%         2d6       36%         3
 Fulminant Prism          Conj/Alch      6%         3d6       47%         4
 Ignite Poison            Fire/Alch      3%         N/A       77%         4
 Martyr's Knell           Necr/Summ      3%         N/A       77%         4
 Vhi's Electric Charge    Tloc/Air       6%         N/A       77%         4
 Arcjolt                  Conj/Air       6%         1d16      83%         5
 Alistair's Intoxication  Alch           2%         N/A       98%         5
 Curse of Agony           Necr           3%         N/A       98%         5
 Maxwell's Capacitive Co  Air            1%         ∞         100%        8


Dungeon Overview and Level Annotations

Branches:
Dungeon (5/15)             Temple (1/1) D:4

Altars:
Dithmenos
Elyvilon
Fedhas
Gozag
Kikubaaqudgha
Nemelex Xobeh
Qazlal
Ru
Sif Muna
Trog
Uskayaw
Vehumet
Wu Jian
Xom
The Shining One

Annotations:
D:3 exclusion: 2 gnolls
D:5 Eustachio


Message History

Aim: Eustachio, wielding a +0 falchion and wearing a +0 leather armour (moderately wounded, 60% to hit)
The stone arrow hits Eustachio!
Eustachio is severely wounded.
The white imp gestures at you. The puff of frost hits you!
Casting: Stone Arrow (dangerous; 4% risk of failure)
Confirm with . or Enter, or press ? or * to list all spells.
Aiming: Stone Arrow (dangerous; 4% risk of failure)
Press: ? - help, Shift-Dir - straight line, f/p - Eustachio
Aim: Eustachio, wielding a +0 falchion and wearing a +0 leather armour (severely wounded, 60% to hit)
The stone arrow misses Eustachio.
Eustachio gestures wildly while chanting.
Eustachio blinks!
The white imp gestures at you. The puff of frost hits you.
Casting: Stone Arrow (dangerous; 4% risk of failure)
Confirm with . or Enter, or press ? or * to list all spells.
Aiming: Stone Arrow (dangerous; 4% risk of failure)
Press: ? - help, Shift-Dir - straight line, f/p - Eustachio
Aim: Eustachio, wielding a +0 falchion and wearing a +0 leather armour (severely wounded, 60% to hit)
The stone arrow hits Eustachio!
Eustachio is almost dead.
The white imp gestures at you. The puff of frost hits you.
Magic courses through your body.
Eustachio mumbles some strange words.
Eustachio blinks!
The white imp gestures at you. The puff of frost hits you!
* * * LOW HITPOINT WARNING * * *
The white imp gestures at you. The puff of frost hits you.
* * * LOW HITPOINT WARNING * * *
The white imp gestures at you. The puff of frost hits you!
* * * LOW HITPOINT WARNING * * *
You see here a +0 robe.
The white imp gestures at you. The puff of frost hits you!
You die...

...... ........#...........
.......####......##...........
.>..........@.................
..............................
..............................
..............................
.........5....................
.........5....................
......5.##..[@..........######
..$...........#.......).## #
.............[##.#####...## #
.......#......##.# ###))####
.......#########.. ##...##
.#..... ..#. ###..# .......
.#### ##.. ....... .. ### .#


You could see Eustachio and 2 white imps.

Vanquished Creatures
  An ice beast (D:5)
  An ogre (D:3)
  2 scorpions (D:4)
  2 hounds
  A jelly (D:4)
  An orc priest (D:4)
  2 bombardier beetles
  A gnoll bouda (D:5)
  2 orc wizards
  3 adders
  5 gnolls
  An ufetubus (D:5)
  2 ribbon worms (D:4)
  5 dart slugs
  5 orcs
  7 ball pythons
  4 bats
  12 endoplasms
  3 giant cockroaches
  7 goblins
  8 hobgoblins
  4 quokkas
  3 frilled lizards
  4 kobolds
  3 rats
89 creatures vanquished.

Vanquished Creatures (others)
  A human (D:4)
1 creature vanquished.

Grand Total: 90 creatures vanquished

Notes
Turn   | Place    | Note
-------+----------+-------------------------------------------
     0 | D:1      | freelancePsychic the Deep Elf Earth Elementalist began the
                  | quest for the Orb.
     0 | D:1      | Reached XP level 1. HP: 10/10 MP: 6/6
   283 | D:1      | Reached XP level 2. HP: 16/16 MP: 6/8
  1067 | D:2      | Reached XP level 3. HP: 20/20 MP: 7/9
  1317 | D:3      | Found a faded altar of an unknown god.
  1327 | D:3      | Reached skill level 4 in Earth Magic
  1330 | D:3      | HP: 1/20 [something/magic dart (7)]
  1332 | D:3      | Reached skill level 1 in Fighting
  1498 | D:3      | Reached XP level 4. HP: 25/25 MP: 8/10
  1593 | D:3      | Noticed an ogre
  1596 | D:3      | Killed an ogre
  1597 | D:3      | Reached XP level 5. HP: 29/29 MP: 7/11
  1731 | D:3      | Reached skill level 5 in Earth Magic
  1785 | D:3      | Learned a level 3 spell: Stone Arrow
  2180 | D:4      | Reached XP level 6. HP: 35/35 MP: 9/12
  2218 | D:4      | Found a white marble altar of Elyvilon.
  2251 | D:4      | Got the Atlas of the Variable Tektite
  2344 | D:4      | Found a staircase to the Ecumenical Temple.
  2503 | Temple   | Entered the Ecumenical Temple
  2520 | Temple   | Became a worshipper of Vehumet
  2795 | D:4      | Found a shimmering blue altar of Sif Muna.
  2827 | D:4      | Found an ancient bone altar of Kikubaaqudgha.
  2828 | D:4      | Noticed a human
  2830 | D:4      | Killed a human
  2845 | D:4      | Reached skill level 6 in Earth Magic
  2947 | D:4      | Found a blossoming altar of Fedhas.
  3086 | D:5      | Entered Level 5 of the Dungeon
  3105 | D:5      | Reached XP level 7. HP: 40/40 MP: 9/13
  3140 | D:5      | Reached skill level 5 in Stealth
  3637 | D:5      | Noticed Eustachio
  3650 | D:5      | Killed from afar by a white imp

Illustrated notes

Levels and vault maps discovered:
D:1:      dpeg_arrival_rooms_b, layout_loops_ring
D:2:      layout_basic, chequers_mini_garden, dk_noncrumbling_3
D:3:      layout_rooms, nicolae_ecumenical_pavilion, st_stairs_4
D:4:      layout_loops_ring, lemuel_tele_altar, kennysheep_little_box,
          mainiacjoe_overflow_alcove_2, tgw_kikubaaqudgha,
          minmay_temple_entry_glass
D:5:      minmay_skewed_foursquare, layout_basic, lemuel_round_altar,
          slow_altar_1, marbit_many_paths, minmay_diced_spiral, uniq_eustachio
Temple:   nicolae_temple_ecumenical_triangle

Skill      XL: |  1  2  3  4  5  6  7 |
---------------+----------------------+-----
Stealth        | 3 4 5 |  5.3
Earth Magic    | 4 5 6 |  6.5
Fighting       | 1 2 |  2.8
Conjurations   | 2 3 4 |  4.0
Dodging        | |  2.4
Spellcasting   | |  3.2

Action                     |  1- 3 |  4- 6 |  7- 9 || total
---------------------------+-------+-------+-------++-------
   Cast: Sandblast         |    40 |    73 |    10 ||   123
         Stone Arrow       |       |     1 |    13 ||    14
    Use: Potion            |       |       |     1 ||     1
 Armour: Robe              |     6 |    12 |    10 ||    28
  Dodge: Dodged            |     3 |    11 |     4 ||    18

Table legend: (Time is in decaauts)
 A = Elapsed time spent in this place.
 B = Non-inter-level travel time spent in this place.
 C = Inter-level travel time spent in this place.
 D = Time resting spent in this place.
 E = Time spent auto-exploring this place.
 F = Levels seen in this place.
 G = Mean time per level.
                   A        B        C        D        E       F      G
               +--------+--------+--------+--------+--------+-----+--------+
         Total |   3710 |   3578 |    132 |    102 |   2907 |   6 |  618.3 |
       Dungeon |   3675 |   3575 |    100 |    102 |   2907 |   5 |  735.0 |
        Temple |     34 |      2 |     32 |      0 |      0 |   1 |   34.0 |
               +--------+--------+--------+--------+--------+-----+--------+

Top non-repeatable levels by time:
     D:4: 954 daAuts
     D:3: 819 daAuts
     D:1: 752 daAuts
     D:2: 579 daAuts
     D:5: 570 daAuts
  Temple: 34 daAuts
